 Dungeon Crawl Stone Soup version 0.20.0-3-g22ec75f (webtiles) character file.

973 Kosschaser the Cudgeler (level 8, -1/49 HPs)
             Began as a Gargoyle Fighter on May 26, 2017.
             Slain by a big kobold
             ... wielding a +0 short sword
              (3 damage)
             ... on level 5 of the Dungeon.
             The game lasted 00:11:15 (3886 turns).

Kosschaser the Cudgeler (Gargoyle Fighter)          Turns: 3886, Time: 00:11:16

Health: -1/49      AC:  8    Str: 24    XL:     8   Next: 16%
Magic:  7/7        EV: 10    Int:  9    God:
Gold:   350        SH: 10    Dex: 11    Spells: 7/7 levels left

rFire    . . .     SeeInvis .   a - +0 flail
rCold    . . .     Gourm    .   c - +0 shield
rNeg     + . .     Faith    .   t - +0 troll leather armour {Purgy}
rPois    ∞         Spirit   .   y - +0 hat
rElec    +         Reflect  .   (no cloak)
rCorr    .         Harm     .   (no gloves)
MR       .....                  (no boots)
Stlth    +.........             (no amulet)
Regen    0.6/turn               (no ring)
MPRegen  0.1/turn               (no ring)

@: no status effects
A: agile 1, blink, deformed body, low mp 1, negative energy resistance 1,
electricity resistance, strong 1, unbreathing, petrification resistance, rot
immunity, MP-powered wands, AC +5
a: Blink


You were on level 5 of the Dungeon.
You were very hungry.

You visited 1 branch of the dungeon, and saw 6 of its levels.

You collected 350 gold pieces.

Inventory:

Hand Weapons
 a - a +0 flail (weapon)
Armour
 c - a +0 shield (worn)
 t - a +0 troll leather armour (worn) {Purgy}
 y - a +0 hat (worn)
Wands
 b - a wand of lightning (9/15)
Scrolls
 e - a scroll of magic mapping {unknown}
 j - 3 scrolls of enchant armour
 m - 2 scrolls of fog
 n - a scroll of random uselessness {unknown}
 p - a scroll of noise {unknown}
 u - a scroll of immolation {unknown}
 w - 2 scrolls of recharging {unknown}
 x - a scroll of remove curse
 z - 2 scrolls of fear
Potions
 d - a potion of might
 g - 5 potions of curing {unknown}
 h - a potion of invisibility {unknown}
 i - 2 potions of resistance {unknown}
 l - 3 potions of haste {unknown}
 o - 2 potions of flight {unknown}
 r - 2 potions of degeneration {unknown}
 v - a potion of magic {unknown}
 A - a potion of berserk rage {unknown}
Comestibles
 f - 3 bread rations
 k - 2 fruits
 q - a royal jelly
 s - 3 meat rations


   Skills:
 + Level 5.0 Fighting
 + Level 5.8 Maces & Flails
 + Level 4.4 Armour
 + Level 2.6 Dodging
 + Level 1.0 Stealth
 + Level 5.7 Shields


You had 7 spell levels left.
You didn't know any spells.

Dungeon Overview and Level Annotations

Branches:
Dungeon (6/15)
 Temple: D:4-7

Altars:
Ashenzari
Cheibriados
Gozag
Nemelex Xobeh
Yredelemnul

Shops:
D:5 *


Innate Abilities, Weirdness & Mutations

You are resistant to torment.
Your stone body is resilient. (AC +5)
You are immune to poison.
You resist negative energy. (rN+)
You are resistant to electric shocks. (rElec)
You can survive without breathing.
You are immune to petrification.
You are immune to rotting.
You are agile. (Dex +2)
You can translocate small distances at will.
Armour fits poorly on your strangely shaped body.
Your magical capacity is low. (-10% MP)
Your muscles are strong. (Str +2)
You expend magic power (3 MP) to strengthen your wands.


Message History

* * * LOW HITPOINT WARNING * * *
You block the kobold's attack.
There is a stone staircase leading up here.
The big kobold barely misses you. You block the crimson imp's attack.
The leopard gecko zombie closely misses you.
The kobold hits you with a dagger.
* * * LOW HITPOINT WARNING * * *
The kobold hits you but does no damage.
You climb upwards.
There is a stone staircase leading down here.
The crimson imp blinks!
You block the big kobold's attack. The kobold hits you but does no damage.
The big kobold hits you with a short sword!
* * * LOW HITPOINT WARNING * * *
You closely miss the big kobold.
The big kobold is almost dead.
You block the kobold's attack.
The big kobold hits you with a short sword.
You die...

##### #.# #..# ##.##
##.## #.####..#####.##
##.# #.............#
#.#
###########......#)##
##.# ## ##≈≈≈≈##
####.###.##.## ##.##
.###≈≈≈≈≈≈###.##.#
#.###.###.##
........≈≈....##K# #.#
##...##
.........≈≈...##K# #.#
##.##
.....≈≈....≈..##@###.#
#.#
....≈..≈≈..≈..##K##..#
#.##
....≈....≈≈.......#.##
#..#
.....≈≈⌠.......##.#.#
##.#
......⌠≈≈......##.#.#
#.#
...≈≈....≈....###.#.#
#.# ..≈..≈≈..≈....#
#.#.# #.#
..≈....≈≈.....# #.#.#
#[# ...≈≈.........#
#...# #.#


You could see a big kobold and 2 kobolds.

Vanquished Creatures
  Purgy (D:3)
  A sky beast (D:5)
  2 ogres
  A centaur (D:6)
  A scorpion (D:5)
  A crimson imp (D:5)
  A bullfrog skeleton (D:5)
  A hound (D:4)
  Terence (D:2)
  Natasha (D:2)
  An iguana (D:4)
  A worker ant (D:5)
  A worker ant zombie (D:5)
  7 gnolls (D:4)
  6 adders
  4 worms
  11 dart slugs
  3 leopard geckos
  19 orcs
  4 giant cockroaches (D:1)
  17 goblins
  11 hobgoblins
  2 jackals (D:3)
  13 kobolds
  4 quokkas
  A ball python (D:1)
  3 bats
  5 frilled lizards
  11 rats
135 creatures vanquished.

Notes
Turn   | Place    | Note
-------+----------+-------------------------------------------
     0 | D:1      | Kosschaser the Gargoyle Fighter began the quest for the Orb.
     0 | D:1      | Reached XP level 1. HP: 14/14 MP: 1/1
   181 | D:1      | Reached XP level 2. HP: 18/19 MP: 2/2
   457 | D:1      | Reached XP level 3. HP: 15/23 MP: 3/3
  1199 | D:2      | Reached XP level 4. HP: 29/29 MP: 4/4
  1382 | D:2      | Noticed Terence
  1412 | D:2      | Killed Terence
  1683 | D:2      | Noticed Natasha
  1698 | D:2      | Killed Natasha
  1698 | D:2      | Reached XP level 5. HP: 18/33 MP: 5/5
  1864 | D:3      | Noticed Purgy
  1874 | D:3      | Killed Purgy
  1874 | D:3      | Reached XP level 6. HP: 37/38 MP: 6/6
  2065 | D:3      | Reached skill level 5 in Shields
  2288 | D:3      | Reached skill level 1 in Dodging
  2453 | D:4      | Found a snail-covered altar of Cheibriados.
  2453 | D:4      | Found an opulent altar of Gozag.
  2672 | D:4      | Found a basalt altar of Yredelemnul.
  2878 | D:4      | Found a sparkling altar of Nemelex Xobeh.
  2967 | D:4      | Reached XP level 7. HP: 35/43 MP: 7/7
  2976 | D:4      | Found a shattered altar of Ashenzari.
  3186 | D:5      | Entered Level 5 of the Dungeon
  3194 | D:5      | Reached skill level 5 in Maces & Flails
  3215 | D:5      | Gained mutation: You have supernaturally acute eyesight. (SInv) [potion of mutation]
  3215 | D:5      | Gained mutation: You have a pair of small horns on your head. [potion of mutation]
  3215 | D:5      | Gained mutation: You are robust. (+10% HP) [potion of mutation]
  3215 | D:5      | Gained mutation: You can translocate small distances at will. [potion of mutation]
  3216 | D:5      | Lost mutation: You have a pair of small horns on your head. [potion of mutation]
  3216 | D:5      | Lost mutation: You are robust. (+10% HP) [potion of mutation]
  3216 | D:5      | Lost mutation: You can translocate small distances at will. [potion of mutation]
  3216 | D:5      | Lost mutation: You have supernaturally acute eyesight. (SInv) [potion of mutation]
  3216 | D:5      | Gained mutation: You are partially covered in molten scales. (AC +2) [potion of mutation]
  3216 | D:5      | Gained mutation: You have an increased reservoir of magic. (+10% MP) [potion of mutation]
  3225 | D:5      | Found Buwnyiwk's Assorted Antiques.
  3235 | D:5      | Lost mutation: You are partially covered in molten scales. (AC +2) [potion of mutation]
  3235 | D:5      | Lost mutation: You have an increased reservoir of magic. (+10% MP) [potion of mutation]
  3235 | D:5      | Gained mutation: Your magical capacity is low. (-10% MP) [potion of mutation]
  3235 | D:5      | Gained mutation: Your muscles are strong. (Str +2) [potion of mutation]
  3236 | D:5      | Lost mutation: Your muscles are strong. (Str +2) [potion of mutation]
  3236 | D:5      | Gained mutation: You can translocate small distances at will. [potion of mutation]
  3236 | D:5      | Gained mutation: Your muscles are strong. (Str +2) [potion of mutation]
  3236 | D:5      | Gained mutation: You expend magic power (3 MP) to strengthen your wands. [potion of mutation]
  3236 | D:5      | Gained mutation: You have supernaturally acute eyesight. (SInv) [potion of mutation]
  3461 | D:5      | Lost mutation: You have supernaturally acute eyesight. (SInv) [mutagenic meat]
  3463 | D:5      | Gained mutation: You are agile. (Dex +2) [mutagenic meat]
  3464 | D:5      | Gained mutation: Armour fits poorly on your strangely shaped body. [mutagenic meat]
  3868 | D:6      | Reached XP level 8. HP: 31/48 MP: 7/7
  3873 | D:6      | Reached skill level 5 in Fighting
  3873 | D:6      | Reached skill level 1 in Stealth
  3885 | D:5      | HP: 2/49 [big kobold/short sword (7)]
  3886 | D:5      | Slain by a big kobold

Skill      XL: |  1  2  3  4  5  6  7  8 |
---------------+-------------------------+-----
Shields        | 4 5 |  5.7
Maces & Flails | 3 4 5 |  5.8
Fighting       | 4 5 |  5.0
Armour         | 4 |  4.4
Dodging        | 1 2 |  2.6
Stealth        | 1 |  1.0

Action                   |  1- 3 |  4- 6 |  7- 9 || total
-------------------------+-------+-------+-------++-------
Melee: Flail             |   171 |   320 |   115 ||   606
 Abil: Blink             |       |       |     1 ||     1
  Use: Scroll            |       |     3 |     2 ||     5
       Potion            |       |       |     4 ||     4
  Eat: Chunk             |     1 |     7 |     7 ||    15
Armor: Scale mail        |   101 |    65 |       ||   166
       Troll leather arm |       |   138 |    49 ||   187
Dodge: Dodged            |    73 |   182 |    57 ||   312
Block: Shield            |   111 |   253 |    80 ||   444
